 Dungeon Crawl Stone Soup version 0.30-a0-920-g7493c07aab (webtiles) character file.

Game seed: 12010650943586599403

798 cforsyth the Cudgeller (level 8, -5/59 HPs)
             Began as a Human Fighter on Mar 22, 2023.
             Killed from afar by Eustachio (11 damage)
             ... with a puff of flame
             ... on level 5 of the Dungeon.
             The game lasted 00:08:29 (5223 turns).

cforsyth the Cudgeller (Human Fighter)              Turns: 5223, Time: 00:08:30

Health: -5/59      AC: 11    Str: 18      XL:     8   Next: 13%
Magic:  8/8        EV:  9    Int: 11 (12) God:
Gold:   261        SH:  4    Dex: 10      Spells: 7/7 levels left

rFire   . . .      SeeInvis .    a - +0 flail
rCold   . . .      Faith    .    c - +0 buckler
rNeg    . . .      Spirit   .    b - +0 scale mail
rPois   .          Reflect  .    o - +0 helmet
rElec   .          Rampage  .    (no cloak)
rCorr   .                        i - +0 pair of gloves
Will    .....                    (no boots) Stlth
                                 (no amulet)
HPRegen 0.29/turn                (no ring)
MPRegen 0.11/turn                (no ring)

@: no status effects
A: iridescent scales 1, clever 1, clumsy 1, deterioration 1
a: no special abilities


You were on level 5 of the Dungeon.
You visited 1 branch of the dungeon, and saw 5 of its levels.

You collected 261 gold pieces.

Inventory:

Hand Weapons
 a - a +0 flail (weapon)
Armour
 b - a +0 scale mail (worn)
 c - a +0 buckler (worn)
 i - a +0 pair of gloves (worn)
 o - a +0 helmet (worn)
Jewellery
 e - a ring of ice
Wands
 j - a wand of iceblast (3)
Scrolls
 h - 4 scrolls of teleportation
 k - a scroll of enchant weapon
 l - a scroll of identify
 n - a scroll of enchant armour
 p - a scroll of fog
 q - a scroll of blinking
Potions
 d - a potion of might
 f - a potion of curing
 g - a potion of mutation
 r - 2 potions of flight


   Skills:
 - Level 3.6 Fighting
 + Level 7.9 Maces & Flails
 - Level 3.7 Armour
 - Level 3.6 Shields


You had 7 spell levels left.
You didn't know any spells.
Your spell library contained the following spells:

 Spells                   Type           Power      Damage    Failure   Level
 Freeze                   Ice            0%         1d3       82%         1
 Static Discharge         Conj/Air       0%         2-2/arc   91%         2
 Frozen Ramparts          Ice            0%         1d1       99%         3
 Hailstorm                Conj/Ice       0%         3d3       99%         3
 Vhi's Electric Charge    Tloc/Air       0%         N/A       99%         3
 Ice Form                 Ice/Tmut       0%         N/A       100%        4
 Arcjolt                  Conj/Air       0%         1d10      100%        5
 Plasma Beam              Fire/Air       0%         2x1d11    100%        5
 Simulacrum               Ice/Necr       0%         N/A       100%        6


Dungeon Overview and Level Annotations

Branches:
Dungeon (5/15)
 Temple: D:4-7

Altars:

Annotations:
D:4 3 runed translucent doors, kiwi3s's ghost, amateur MiBe
D:5 Eustachio


Innate Abilities, Weirdness & Mutations

You are partially covered in iridescent scales. (AC +2)
Your mind is acute. (Int +4, Str/Dex -1)
You are clumsy. (Dex -2)
Your body sometimes deteriorates upon taking damage.


Message History

You hit Eustachio but do no damage.
Eustachio is severely wounded.
The bat disappears in a puff of smoke!
The quokka disappears in a puff of smoke!
The bat hits you but does no damage. x2
Eustachio mumbles some strange words.
Eustachio blinks!
The bat attacks as you move away! The bat barely misses you.
The bat hits you but does no damage. x2; You block the river rat's attack.
The bat hits you but does no damage.
Eustachio zaps a wand.
The puff of flame hits you!
* * * LOW HITPOINT WARNING * * *
You barely miss Eustachio.
Eustachio is severely wounded.
You hear the slow rusting of a very distant drain.
The bat closely misses you. Eustachio hits you with a +0 rapier.
* * * LOW HITPOINT WARNING * * *
The river rat closely misses you.
You closely miss Eustachio.
Eustachio is severely wounded.
The bat hits you but does no damage. Eustachio hits you with a +0 rapier.
* * * LOW HITPOINT WARNING * * *
The river rat completely misses you.
You hit Eustachio but do no damage.
Eustachio is severely wounded.
The bat hits you but does no damage.
Eustachio casts a spell.
The river rat bites you but does no damage.
You hit Eustachio but do no damage.
Eustachio is severely wounded.
The bat hits you but does no damage. x2; The bat closely misses you.
Eustachio hits you with a +0 rapier.
* * * LOW HITPOINT WARNING * * *
You block the river rat's attack.
You closely miss Eustachio.
Eustachio is severely wounded.
The bat closely misses you. The bat hits you but does no damage.
The bat completely misses you.
Eustachio zaps a wand.
The puff of flame hits you!
You die...

##... #........ #....
.........#......... #....
.........#........######..#
.........#........##..##..#
.......#....##..#....'...
......#5...##..#....#...
#....#@5......#...##..#
#....#@bb)....#...##..#
+.b..#rb......#........
#....'........#........
#....##'####..'........
#..........#..#........
#..........#..######.##
#..........#### .#
#..........# # ##+##.....>#


You could see Eustachio, 2 iron imps, a river rat (summoned) and 3 bats.

Vanquished Creatures
  2 black bears (D:3)
  A phantom (D:4)
  A scorpion (D:3)
  A howler monkey (D:4)
  2 gnoll boudas
  An iguana (D:4)
  Jessica (D:2)
  3 orc wizards
  Robin (D:2)
  7 adders
  7 gnolls
  An ufetubus (D:4)
  2 worms
  4 dart slugs
  9 orcs
  11 endoplasms
  6 giant cockroaches
  16 goblins
  9 hobgoblins
  5 kobolds
  5 quokkas
  8 ball pythons
  A bat (D:2)
  A frilled lizard (D:3)
  4 rats
109 creatures vanquished.

Notes
Turn   | Place    | Note
-------+----------+-------------------------------------------
     0 | D:1      | cforsyth the Human Fighter began the quest for the Orb.
     0 | D:1      | Reached XP level 1. HP: 18/18 MP: 1/1
   231 | D:1      | Reached XP level 2. HP: 24/24 MP: 2/2
   582 | D:1      | Reached XP level 3. HP: 26/29 MP: 3/3
  1373 | D:2      | Reached XP level 4. HP: 32/35 MP: 4/4
  1418 | D:2      | Noticed Robin
  1606 | D:2      | Killed Robin
  1904 | D:3      | Reached XP level 5. HP: 41/41 MP: 5/5
  1931 | D:3      | Reached skill level 3 in Maces & Flails
  1977 | D:3      | Noticed Jessica
  2353 | D:2      | Killed Jessica
  2445 | D:2      | Reached skill level 4 in Maces & Flails
  2446 | D:2      | HP: 2/61 [something (4)]
  2449 | D:2      | Reached XP level 6. HP: 3/47 MP: 6/6
  3069 | D:4      | Noticed a black bear
  3165 | D:3      | Reached skill level 5 in Maces & Flails
  3529 | D:3      | Killed a black bear
  3530 | D:3      | Reached XP level 7. HP: 17/52 MP: 7/7
  3831 | D:3      | Reached skill level 6 in Maces & Flails
  4191 | D:4      | Noticed kiwi3s's ghost (amateur MiBe)
  4230 | D:4      | Reached skill level 7 in Maces & Flails
  4235 | D:4      | Gained mutation: Your body sometimes deteriorates upon
                  | taking damage. [potion of mutation]
  4235 | D:4      | Gained mutation: You are partially covered in iridescent
                  | scales. (AC +2) [potion of mutation]
  4235 | D:4      | Gained mutation: You are clumsy. (Dex -2) [potion of
                  | mutation]
  4235 | D:4      | Gained mutation: Your mind is acute. (Int +4, Str/Dex -1)
                  | [potion of mutation]
  4535 | D:4      | Found a runed translucent gate.
  4535 | D:4      | Found a runed translucent gate.
  4535 | D:4      | Found a runed translucent gate.
  4601 | D:4      | Reached XP level 8. HP: 48/59 MP: 8/8
  4970 | D:5      | Entered Level 5 of the Dungeon
  5146 | D:5      | Noticed Eustachio
  5223 | D:5      | Killed from afar by Eustachio

Illustrated notes

Levels and vault maps discovered:
D:1:      giann_forest_graveyard, layout_basic
D:2:      layout_basic, uniq_robin
D:3:      layout_basic, minmay_unequal, uniq_jessica
D:4:      layout_loops_ring, gammafunk_ghost_icy,
          hangedman_abyss_or_decor_stabs, guppyfry_early_lair_pool
D:5:      layout_gridville, lightli_sewer_entry_pipes, uniq_eustachio,
          uniq_blork_the_orc

Skill      XL: |  1  2  3  4  5  6  7 |
---------------+----------------------+-----
Maces & Flails | 4 5 7 |  7.9
Fighting       | |  3.6
Armour         | |  3.7
Shields        | |  3.6

Action                     |  1- 3 |  4- 6 |  7- 9 || total
---------------------------+-------+-------+-------++-------
  Melee: Flail             |   101 |   185 |   199 ||   485
  Evoke: Wand              |       |       |     1 ||     1
    Use: Potion            |       |     3 |     2 ||     5
         Scroll            |       |       |     7 ||     7
 Armour: Scale mail        |    42 |   139 |   207 ||   388
         Skin              |       |    19 |       ||    19
  Dodge: Dodged            |    38 |    71 |   154 ||   263
  Block: Buckler           |    25 |    38 |    71 ||   134

Table legend: (Time is in decaauts)
 A = Elapsed time spent in this place.
 B = Non-inter-level travel time spent in this place.
 C = Inter-level travel time spent in this place.
 D = Time resting spent in this place.
 E = Time spent auto-exploring this place.
 F = Levels seen in this place.
 G = Mean time per level.
                   A        B        C        D        E       F      G
               +--------+--------+--------+--------+--------+-----+--------+
         Total |   5321 |   5064 |    257 |   1128 |   2676 |   5 | 1064.2 |
       Dungeon |   5321 |   5064 |    257 |   1128 |   2676 |   5 | 1064.2 |
               +--------+--------+--------+--------+--------+-----+--------+

Top non-repeatable levels by time:
     D:3: 1592 daAuts
     D:2: 1323 daAuts
     D:4: 1155 daAuts
     D:1: 1016 daAuts
     D:5: 234 daAuts
